 Dungeon Crawl Stone Soup version 0.30-a0-782-ge64f9170bb (webtiles) character file.

Game seed: 2795798433111518290

147 Barriton the Conjurer (level 5, -3/39 HPs)
             Began as a Draconian Conjurer on Mar 1, 2023.
             Was a Follower of Vehumet.
             Slain by an iguana (10 damage)
             ... on level 4 of the Dungeon.
             The game lasted 00:07:13 (3746 turns).

Barriton the Conjurer (Draconian Conjurer)          Turns: 3746, Time: 00:07:13

Health: -3/39      AC:  5    Str:  9    XL:     5   Next: 8%
Magic:  9/9        EV: 12    Int: 21    God:    Vehumet [*.....]
Gold:   156        SH:  0    Dex:  9    Spells: 5/9 levels left

rFire   x . .      SeeInvis +    j - +6 quarterstaff (chaos)
rCold   + . .      Faith    .    (shield currently unavailable)
rNeg    . . .      Spirit   .    (body armour unavailable)
rPois   .          Reflect  .    (helmet restricted)
rElec   .          Harm     .    l - scarf {repulsion}
rCorr   .          Rampage  .    (no gloves)
Will    .....                    (no boots)
Stlth   ++                       (no amulet)
HPRegen 0.26/turn                h - ring of see invisible
MPRegen 0.11/turn                i - ring of ice

@: repel missiles
A: AC +5, unfitting armour, cold-blooded
a: Renounce Religion


You were on level 4 of the Dungeon.
You worshipped Vehumet.
Vehumet was aware of your devotion.
You visited 1 branch of the dungeon, and saw 4 of its levels.

You collected 156 gold pieces.

Inventory:

Hand Weapons
 j - a +6 quarterstaff of chaos (weapon)
Armour
 l - a scarf of repulsion (worn)
Jewellery
 h - a ring of see invisible (left hand)
 i - a ring of ice (right hand)
Potions
 b - 2 potions of invisibility
 d - a potion of lignification
 e - 2 potions of curing
 g - a potion of ambrosia {unknown}
 o - a potion of mutation {unknown}


   Skills:
 + Level 0.5 Fighting
 + Level 2.2 Dodging
 + Level 2.3 Stealth
 + Level 1.0 Unarmed Combat
 + Level 2.9 Spellcasting
 + Level 5.2 Conjurations


You had 5 spell levels left.
You knew the following spells:

 Your Spells              Type           Power      Damage    Failure   Level
a - Magic Dart            Conj           100%       1d8       1%          1
b - Searing Ray           Conj           50%        2d6       2%          2
c - Shock                 Conj/Air       56%        1d6       4%          1

Your spell library contained the following spells:

 Spells                   Type           Power      Damage    Failure   Level
 Slow                     Hex            12%        N/A       14%         1
 Dazzling Flash           Conj/Hex       28%        N/A       14%         3
 Confusing Touch          Hex            3%         N/A       38%         3
 Vampiric Draining        Necr           3%         2d6       38%         3
 Fulminant Prism          Conj/Hex       7%         3d7       41%         4
 Iskenderun's Mystic Bla  Conj/Tloc      14%        2d5       41%         4


Dungeon Overview and Level Annotations

Branches:
Dungeon (4/15)
 Temple: D:4-7

Altars:
Vehumet

Shops:
D:1 =


Innate Abilities, Weirdness & Mutations

Your plain brown scales are hard. (AC +5)
You cannot fit into any form of body armour.
You are cold-blooded and may be slowed by cold attacks.


Message History

The black bear is moderately wounded. (Press . to maintain the ray.)
The searing ray hits the black bear.
The black bear is moderately wounded.
The searing ray hits the iguana.
The iguana is lightly wounded.
The black bear misses you. The black bear claws you. The black bear misses you.
The searing ray hits the black bear!
The black bear is severely wounded.
The searing ray hits the iguana.
The iguana is moderately wounded.
The black bear bites you but does no damage.
The black bear barely misses you. The black bear claws you.
The searing ray hits the black bear.
The black bear is severely wounded.
The searing ray hits the iguana!
The iguana is severely wounded.
You finish channelling your searing ray.
The black bear bites you. The black bear claws you. x2
Casting: Searing Ray (safe; 2% risk of failure)
Confirm with . or Enter, or press ? or * to list all spells.
You don't have enough magic to cast this spell.
You barely miss the black bear.
The black bear is severely wounded.
The black bear bites you but does no damage.
The black bear closely misses you. The black bear misses you.
You hit the black bear. You drain the black bear.
The black bear is almost dead.
The iguana misses you. The black bear bites you. The black bear claws you. x2
The iguana barely misses you.
The black bear bites you but does no damage.
The black bear barely misses you. The black bear claws you.
Your magical contamination has completely faded away.
You barely miss the black bear.
Your tail-slap misses the black bear.
The black bear is almost dead.
The black bear bites you. The black bear barely misses you.
The black bear closely misses you. The iguana bites you!
* * * LOW HITPOINT WARNING * * *
Magic courses through your body. The iguana bites you!
You die...

#..........# ...
#........#
...########........#
#..............>.# #
#...#####..##..## .# #
...# ##..###...##.#
#..#<.##..####......##
......h#..# #....<...#
......l@.###..########
.............#
.......####..# #####..
##.# #.. .. ##. .. #.
# #.


You could see a black bear (drained) and an iguana.

Vanquished Creatures
  Crazy Yiuf (D:2)
  Natasha (D:3)
  An adder (D:2)
  A worm (D:2)
  3 dart slugs
  3 orcs (D:3)
  7 bats
  6 endoplasms
  2 giant cockroaches
  3 goblins (D:3)
  6 hobgoblins
  6 jackals (D:2)
  4 kobolds
  6 quokkas
  5 ball pythons
  6 frilled lizards
  9 rats
70 creatures vanquished.

Notes
Turn   | Place    | Note
-------+----------+-------------------------------------------
     0 | D:1      | Barriton the Draconian Conjurer began the quest for the
                  | Orb.
     0 | D:1      | Reached XP level 1. HP: 14/14 MP: 3/3
   382 | D:1      | Reached XP level 2. HP: 20/20 MP: 1/5
   495 | D:1      | Found Leakh's Jewellery Boutique.
   671 | D:1      | Learned a level 2 spell: Searing Ray
  1515 | D:2      | Reached XP level 3. HP: 9/26 MP: 1/6
  2227 | D:2      | Found a faded altar of an unknown god.
  2230 | D:2      | Prayed at the altar of an unknown god.
  2230 | D:2      | Became a worshipper of Vehumet
  2230 | D:2      | Reached * piety under Vehumet
  2230 | D:2      | Offered knowledge of Shock by Vehumet.
  2233 | D:2      | Learned a level 1 spell: Shock
  2434 | D:2      | Reached XP level 4. HP: 33/33 MP: 5/8
  2718 | D:2      | Found a runed translucent door.
  2720 | D:2      | Noticed Crazy Yiuf
  2783 | D:2      | Killed Crazy Yiuf
  2784 | D:2      | Reached skill level 5 in Conjurations
  3450 | D:3      | Noticed Natasha
  3456 | D:3      | Killed Natasha
  3457 | D:3      | Reached skill level 1 in Unarmed Combat
  3457 | D:3      | Reached XP level 5. HP: 39/39 MP: 1/9
  3734 | D:4      | Noticed a black bear
  3746 | D:4      | Slain by an iguana

Illustrated notes

Levels and vault maps discovered:
D:1:      roderic_octagonal_star, layout_loops_corners, serial_shops,
          nicolae_shop_advertising_works [nicolae_subvault_shop_adworks]
D:2:      layout_basic, hellmonk_ecumenical_altar_inner_sanctum,
          uniq_crazy_yiuf_cottage
D:3:      minmay_general_purpose_star, layout_rooms, uniq_natasha
D:4:      layout_layer_cave, mainiacjoe_overflow_boulevard,
          kiku_gazebo_pond_becter, nicolae_elyvilon_temple_path, serial_shops,
          shop, uniq_ijyb

Skill      XL: |  1  2  3  4 |
---------------+-------------+-----
Stealth        | 2 |  2.3
Dodging        | 2 |  2.2
Conjurations   | 5 |  5.2
Unarmed Combat | 1 |  1.0
Fighting       | |  0.5
Spellcasting   | |  2.9

Action                     |  1- 3 |  4- 6 || total
---------------------------+-------+-------++-------
  Melee: Unarmed           |    77 |       ||    77
         Tailslap          |    10 |       ||    10
         Punch             |     2 |       ||     2
         Quarterstaff      |       |     3 ||     3
   Cast: Magic Dart        |    91 |    41 ||   132
         Searing Ray       |     3 |     5 ||     8
         Shock             |     3 |     4 ||     7
    Use: Scroll            |     2 |     8 ||    10
         Potion            |       |     1 ||     1
 Armour: Skin              |    26 |     3 ||    29
  Dodge: Dodged            |    59 |    14 ||    73

Table legend: (Time is in decaauts)
 A = Elapsed time spent in this place.
 B = Non-inter-level travel time spent in this place.
 C = Inter-level travel time spent in this place.
 D = Time resting spent in this place.
 E = Time spent auto-exploring this place.
 F = Levels seen in this place.
 G = Mean time per level.
                   A        B        C        D        E       F      G
               +--------+--------+--------+--------+--------+-----+--------+
         Total |   3745 |   3614 |    131 |      0 |   3153 |   4 |  936.2 |
       Dungeon |   3745 |   3614 |    131 |      0 |   3153 |   4 |  936.2 |
               +--------+--------+--------+--------+--------+-----+--------+

Top non-repeatable levels by time:
     D:2: 1441 daAuts
     D:1: 1412 daAuts
     D:3: 861 daAuts
     D:4: 31 daAuts
